 Dungeon Crawl Stone Soup version 0.30.1-4-g462c640d31 (webtiles) character file.

Game seed: 8869991305369859624

21142 YourEye the Basher (level 12, -7/102 HPs)
             Began as a Demonspawn Berserker on Aug 21, 2023.
             Was an Elder of Trog.
             Mangled by an azure jelly (8 damage)
             ... on level 1 of the Pits of Slime.
             The game lasted 01:42:59 (17597 turns).

YourEye the Basher (Demonspawn Berserker)          Turns: 17597, Time: 01:42:59

Health: -7/102     AC:  3    Str: 26    XL:     12   Next: 51%
Magic:  12/12      EV: 12    Int: 15    God:    Trog [****..]
Gold:   658        SH:  0    Dex: 17    Spells: 11/11 levels left

rFire   . . .        F - +5 flail (elec)
rCold   . . .        (no shield)
rNeg    + . .        K - +0 ring mail of Exceptional Birdsong {Regen+ Int+4}
rPois   +            B - +0 helmet
rElec   .            E - +1 cloak
rCorr   .            (no gloves)
SInv    .            A - +0 pair of boots
Will    .....        i - amulet of regeneration
Stlth   ++           r - ring of poison resistance
HPRegen 1.97/turn    p - ring "Qiumaut" {rN+ Str+6 Int+2 Dex+2}
MPRegen 0.13/turn

%: no passive effects
@: corroded, studying Maces & Flails
A: powered by death 2, spiny 2, demonic touch 2
a: Renounce Religion, Berserk, Trog's Hand, Brothers in Arms


You were on level 1 of the Pits of Slime.
You worshipped Trog.
Trog was greatly pleased with you.
You visited 4 branches of the dungeon, and saw 15 of its levels.
You also visited: Sewer.

You collected 736 gold pieces.
You spent 78 gold pieces at shops.

Inventory:

Hand Weapons
 F - a +5 flail of electrocution (weapon)
Missiles
 m - 61 stones
 o - 12 boomerangs
 w - 2 silver javelins (quivered)
 C - 21 poisoned darts
Armour
 A - a +0 pair of boots (worn)
 B - a +0 helmet (worn)
 E - a +1 cloak (worn)
 K - the +0 ring mail of Exceptional Birdsong (worn) {Regen+ Int+4}
   (You found it on level 11 of the Dungeon)

   Int:       It affects your intelligence (+4).
   Regen:     It increases your rate of health regeneration.
Jewellery
 i - an amulet of regeneration (around neck)
 p - the ring "Qiumaut" (right hand) {rN+ Str+6 Int+2 Dex+2}
   (You acquired it on level 8 of the Dungeon)

   [ring of strength]

   Str:       It affects your strength (+6).
   Int:       It affects your intelligence (+2).
   Dex:       It affects your dexterity (+2).
   rN:        It protects you from negative energy.
 r - a ring of poison resistance (left hand)
 y - a ring of flight
 D - an amulet of the acrobat
Wands
 g - a wand of digging (7)
 u - a wand of acid (5)
 M - a wand of mindburst (3)
Scrolls
 c - 3 scrolls of teleportation
 d - 2 scrolls of fog
 f - a scroll of immolation {unknown}
 j - a scroll of enchant weapon
 l - a scroll of poison
 s - a scroll of fear
 t - a scroll of vulnerability {unknown}
 v - a scroll of identify
 x - a scroll of blinking
 G - a scroll of amnesia
 I - 2 scrolls of silence
 J - a scroll of magic mapping
Potions
 a - 2 potions of flight
 b - a potion of haste
 e - 6 potions of attraction
 h - a potion of lignification
 k - 2 potions of might
 n - 3 potions of brilliance
 z - 4 potions of curing
 L - a potion of berserk rage
Miscellaneous
 H - a phantom mirror


   Skills:
 * Level 12.2 Fighting
 + Level 13.5 Maces & Flails
 - Level 6.2 Armour
 * Level 2.8 Dodging
 - Level 3.1 Stealth
 - Level 5.9 Unarmed Combat
 - Level 0.2 Evocations


You had 11 spell levels left.
You didn't know any spells.
Your spell library contained the following spells:

 Spells                   Type           Power      Damage    Failure   Level
 Freeze                   Ice            0%         1d3       36%         1
 Sandblast                Erth           0%         2d4       36%         1
 Passwall                 Tmut/Erth      0%         N/A       52%         2
 Poisonous Vapours        Pois/Air       0%         N/A       52%         2
 Sublimation of Blood     Necr           0%         N/A       52%         2
 Wereblood                Tmut           0%         N/A       52%         2
 Frozen Ramparts          Ice            0%         1d1       75%         3
 Hailstorm                Conj/Ice       0%         3d3       75%         3
 Mephitic Cloud           Conj/Pois/Air  0%         N/A       75%         3
 Stone Arrow              Conj/Erth      0%         3d7       75%         3
 Tukima's Dance           Hex            0%         N/A       75%         3
 Ice Form                 Ice/Tmut       0%         N/A       98%         4
 Olgreb's Toxic Radiance  Pois           0%         N/A       98%         4
 Passage of Golubria      Tloc           0%         N/A       98%         4
 Summon Ice Beast         Ice/Summ       0%         N/A       98%         4
 Freezing Cloud           Conj/Ice/Air   0%         6-21      100%        5
 Yara's Violent Unravell  Hex/Tmut       0%         3d3       100%        5
 Summon Hydra             Summ           0%         N/A       100%        7
 Discord                  Hex            0%         N/A       100%        8
 Ignition                 Fire           0%         3d3       100%        8


Dungeon Overview and Level Annotations

Branches:
Dungeon (11/15)            Temple (1/1) D:7            Lair (4/5) D:11
  Slime (1/5) Lair:4        Sewer (visited)
  Swamp: Lair:2-3    Shoals: Lair:2-3     Snake: Lair:2-3    Spider: Lair:2-3
    Orc: D:9-12

Altars:
Ashenzari
Cheibriados
Dithmenos
Fedhas
Gozag
Hepliaklqana
Kikubaaqudgha
Makhleb
Okawaru
Qazlal
Ru
Sif Muna
Trog
Uskayaw
Vehumet
Wu Jian
Xom
Yredelemnul
Jiyva

Shops:
D:4 *   D:8 :

Annotations:
D:2 1 runed translucent door, Crazy Yiuf


Innate Abilities, Weirdness & Mutations

You regenerate health from kills.
You are mostly covered in sharp spines.
Your touch may inflict irresistible damage on your foes.


Message History

The slime creature hits you.
You thump the slime creature!
The slime creature is lightly wounded.
You sock the slime creature!
The slime creature is moderately wounded.
The slime creature hits you but does no damage.
You sock the slime creature!
Lightning courses through the slime creature!
The slime creature is severely wounded.
The slime creature hits you!
You barely miss the slime creature.
The slime creature is severely wounded.
You sock the slime creature!
You touch the slime creature!
The slime creature is almost dead.
The slime creature is struck by your spines.
You kill the slime creature!
Trog accepts your kill.
Really read the scroll of noise?
As you read the scroll of noise, it crumbles to dust.
You hear a loud clanging noise!
A slime creature comes into view.
An azure jelly comes into view.
A slime creature comes into view.
A quicksilver ooze comes into view.
An acid blob comes into view.
The acid blob quivers.
The acid blob spits acid at you. The splash of acid hits you!
The acid corrodes you! The acid blob spits acid at you.
The splash of acid hits you!! The acid corrodes you!
A slime creature comes into view.
The azure jelly hits you. The azure jelly freezes you!!!
* * * LOW HITPOINT WARNING * * *
The azure jelly hits you.
* * * LOW HITPOINT WARNING * * *
The azure jelly freezes you!
* * * LOW HITPOINT WARNING * * *
The azure jelly hits you.
* * * LOW HITPOINT WARNING * * *
The azure jelly hits you!
You die...

#....... .....#
#J#.#.#.#.#.#.#
#..#.#.#.#.#..#
#.#.........#.#
#..#.......#..##
#.#.........#..##
#..#.......#....#
#.#.....<...#....
#..#..J@...#.....
#.#....J....#..#.
......#.#.#.#J#....#
.....#.#.#.#.#.#....
....................
#.#.................
# .................>
......#^......#J..
.#.... ......


You could see an acid blob, an azure jelly and 3 slime creatures.

Vanquished Creatures
  The ghost of Burana the Fighter, a journeyman DrMo (Lair:1)
  The ghost of destino the Covert, a journeyman OpFE of Wu Jian (Lair:1)
  2 two-headed ogres (D:10)
  A mana viper (shapeshifter) (D:11)
  A cyclops (D:11)
  A manticore (D:11)
  3 black mambas (Lair:1)
  An elephant (D:11)
  Maurice (D:8)
  A gargoyle (D:10)
  Psyche (D:8)
  An unseen horror (D:11)
  2 cane toads (Lair:1)
  2 rime drakes
  A komodo dragon (D:11)
  3 trolls
  A slime creature (Slime:1)
  6 wraiths
  4 wyverns
  31 yaks
  6 basilisks
  3 vampire mosquitoes (D:11)
  2 steam dragons
  2 acid dragons (D:10)
  4 water moccasins
  4 ice beasts
  9 orc warriors
  A black bear (D:5)
  A wolf (Lair:1)
  6 centaurs
  3 phantoms (D:5)
  A kobold brigand (D:8)
  7 bullfrogs
  3 wights (D:7)
  3 electric eels
  2 howler monkeys (D:10)
  2 crimson imps (D:10)
  4 orc priests
  A hound (D:6)
  4 jellies
  A sleepcap (D:5)
  Jessica (D:2)
  An iguana (D:5)
  18 orc wizards
  4 gnolls (D:5)
  4 river rats (Sewer)
  13 adders
  3 white imps
  2 ufetubi
  7 worms
  4 dart slugs
  40 orcs
  15 bats
  9 endoplasms
  9 giant cockroaches
  3 goblins
  6 hobgoblins
  13 jackals
  9 kobolds
  4 quokkas
  9 ball pythons
  9 frilled lizards
  5 rats
322 creatures vanquished.

Vanquished Creatures (collateral kills)
  Josephine (D:11)
  A yak (D:10)
  An electric eel (Lair:1)
  2 crimson imps (D:10)
5 creatures vanquished.

Vanquished Creatures (others)
  An unseen horror (D:11)
1 creature vanquished.

Grand Total: 328 creatures vanquished

Notes
Turn   | Place    | Note
-------+----------+-------------------------------------------
     0 | D:1      | YourEye the Demonspawn Berserker began the quest for the
                  | Orb.
     0 | D:1      | Reached XP level 1. HP: 18/18 MP: 1/1
    78 | D:1      | Gained mutation: You regenerate a little health from kills.
                  | [demonic ancestry]
    78 | D:1      | Reached XP level 2. HP: 9/24 MP: 2/2
   617 | D:1      | You fall into a shaft and drop 1 floor!
   632 | D:2      | Reached XP level 3. HP: 29/29 MP: 3/3
   819 | D:2      | Reached ** piety under Trog
  1065 | D:2      | Gained mutation: Your touch may inflict minor irresistible
                  | damage on your foes. [demonic ancestry]
  1065 | D:2      | Reached XP level 4. HP: 27/36 MP: 4/4
  1561 | D:2      | Found a runed translucent door.
  1561 | D:2      | Noticed Jessica
  1567 | D:2      | Killed Jessica
  1568 | D:2      | Noticed Crazy Yiuf
  2119 | D:3      | Found a glowing drain.
  2130 | Sewer    | Entered a sewer
  2156 | Sewer    | Gained mutation: You regenerate health from kills. [demonic
                  | ancestry]
  2156 | Sewer    | Reached XP level 5. HP: 42/42 MP: 5/5
  2330 | Sewer    | Reached *** piety under Trog
  2331 | Sewer    | Reached skill level 1 in Stealth
  7050 | Sewer    | Glimpsed the power of Zot.
  7857 | D:3      | Found a faded altar of an unknown god.
  7878 | D:3      | Found a broken altar of Ashenzari.
  8101 | D:4      | Found a shimmering blue altar of Sif Muna.
  8209 | D:4      | Gained mutation: You are partially covered in sharp spines.
                  | [demonic ancestry]
  8209 | D:4      | Reached XP level 6. HP: 48/48 MP: 6/6
  8285 | D:4      | Reached skill level 5 in Unarmed Combat
  8661 | D:4      | Found Huofaka's Assorted Antiques.
  8688 | D:4      | Bought a scroll of identify for 52 gold pieces
  8688 | D:4      | Bought a scroll labelled UKHLEG KOOX for 26 gold pieces
  8878 | D:4      | Found a faded altar of an unknown god.
  8878 | D:4      | Found a hazy altar of Hepliaklqana.
  8880 | D:4      | Found a faded altar of an unknown god.
  9145 | D:5      | Entered Level 5 of the Dungeon
  9348 | D:5      | Reached XP level 7. HP: 55/55 MP: 7/7
  9618 | D:5      | Reached skill level 1 in Maces & Flails
  9715 | D:5      | Reached skill level 2 in Maces & Flails
 10058 | D:5      | Reached skill level 5 in Fighting
 10058 | D:5      | Reached skill level 3 in Maces & Flails
 10486 | D:6      | Reached skill level 4 in Maces & Flails
 10486 | D:6      | Reached XP level 8. HP: 62/62 MP: 8/8
 11340 | D:7      | Reached skill level 5 in Maces & Flails
 11510 | D:7      | Reached skill level 6 in Maces & Flails
 11557 | D:7      | Found a staircase to the Ecumenical Temple.
 11573 | Temple   | Entered the Ecumenical Temple
 11873 | D:7      | Reached **** piety under Trog
 11976 | D:7      | Found a burning altar of Makhleb.
 12030 | D:7      | Reached skill level 7 in Maces & Flails
 12099 | D:7      | Gained mutation: You are mostly covered in sharp spines.
                  | [demonic ancestry]
 12099 | D:7      | Reached XP level 9. HP: 50/69 MP: 9/9
 12389 | D:8      | Found Sucow's Book Boutique.
 12442 | D:8      | Reached skill level 8 in Maces & Flails
 12473 | D:8      | Identified a scroll of acquirement
 12473 | D:8      | Acquired the ring "Qiumaut" {rN+ Str+6 Int+2 Dex+2}
 12821 | D:8      | Noticed Maurice
 12832 | D:8      | Killed Maurice
 12833 | D:8      | Reached skill level 9 in Maces & Flails
 12862 | D:8      | Noticed Psyche
 12945 | D:8      | Killed Psyche
 13297 | D:8      | You fall into a shaft and drop 2 floors!
 13297 | D:10     | Entered Level 10 of the Dungeon
 13381 | D:10     | Noticed a two-headed ogre
 13382 | D:10     | Reached skill level 10 in Maces & Flails
 13383 | D:10     | Noticed a troll
 13411 | D:10     | Killed a two-headed ogre
 13412 | D:10     | Gained mutation: Your touch may inflict irresistible damage
                  | on your foes. [demonic ancestry]
 13412 | D:10     | Reached XP level 10. HP: 31/79 MP: 10/10
 13539 | D:10     | Noticed a gargoyle
 13555 | D:10     | Reached skill level 11 in Maces & Flails
 13562 | D:10     | Killed a gargoyle
 13800 | D:10     | Noticed a two-headed ogre
 13818 | D:10     | Killed a two-headed ogre
 13948 | D:10     | Found a shimmering altar of Xom.
 13962 | D:10     | Reached XP level 11. HP: 89/89 MP: 11/11
 15298 | D:11     | Identified the +0 ring mail of Exceptional Birdsong {Regen+
                  | Int+4}
 15558 | D:11     | Found a staircase to the Lair.
 15690 | D:11     | Noticed Josephine
 15695 | D:11     | Reached skill level 12 in Maces & Flails
 15721 | D:11     | Killed Josephine
 15722 | D:11     | Reached skill level 10 in Fighting
 15732 | D:11     | Noticed a mana viper
 15737 | D:11     | Killed a mana viper
 15802 | D:11     | Reached skill level 5 in Armour
 16255 | Lair:1   | Entered Level 1 of the Lair of Beasts
 16360 | Lair:1   | Reached XP level 12. HP: 74/100 MP: 12/12
 16444 | Lair:1   | Found a runed translucent gate.
 16444 | Lair:1   | Found a runed translucent gate.
 16444 | Lair:1   | Found a runed translucent gate.
 16445 | Lair:1   | Noticed Burana's ghost (journeyman DrMo)
 16446 | Lair:1   | Noticed destino's ghost (journeyman OpFE)
 16786 | Lair:1   | Reached ***** piety under Trog
 16831 | Lair:1   | Reached skill level 13 in Maces & Flails
 17246 | Lair:1   | Killed destino's ghost
 17250 | Lair:1   | Killed Burana's ghost
 17500 | Lair:2   | You fall into a shaft and drop 2 floors!
 17513 | Lair:4   | Found a staircase to the Slime Pits.
 17513 | Lair:4   | Found a viscous altar of Jiyva.
 17563 | Slime:1  | Entered Level 1 of the Pits of Slime
 17592 | Slime:1  | Noticed an azure jelly
 17594 | Slime:1  | Noticed a quicksilver ooze
 17594 | Slime:1  | Noticed an acid blob
 17597 | Slime:1  | HP: 5/102 [azure jelly (15)]
 17597 | Slime:1  | HP: 1/102 [azure jelly (4)]
 17597 | Slime:1  | Mangled by an azure jelly

Illustrated notes

Levels and vault maps discovered:
D:1:      matt_arrival_diagonals, layout_basic
D:2:      layout_loops_ring, uniq_crazy_yiuf_cottage, uniq_jessica
D:3:      minmay_evil_eye, layout_loops_ring, nicolae_overflow_ecumenical_swirl,
          gup_sewer_entry_bubbles, minivault_24, minmay_misc_feat_alley
D:4:      layout_loops_ring, nicolae_overflow_crystal_walls,
          nicolae_hepliaklqana_ecumenical_no_more, serial_shops,
          nicolae_shop_hallway_stairs
D:5:      layout_gridville
D:6:      layout_gridville, serial_rivers, chequers_serial_rivers_micro_c,
          chequers_serial_rivers_large_a, chequers_serial_rivers_small_b,
          chequers_serial_rivers_small_3, chequers_serial_rivers_small_b
D:7:      layout_loops_ring, lemuel_round_altar,
          minmay_temple_entry_antechambers
D:8:      layout_basic, serial_shops, shop, uniq_maurice, uniq_psyche
D:10:     minmay_four_partial_circles, layout_rooms, led_xom_imps,
          nicolae_elyvilon_temple_path
D:11:     layout_loops_ring, david_lair_generic, minmay_orc_keep, uniq_josephine
Temple:   nicolae_temple_superstar
Lair:1:   layout_regular_city, gammafunk_ghost_cemetery,
          pdpol_lair_cavern_descent
Lair:2:   layout_chaotic_city, minmay_swamp_entry_worms
Lair:4:   layout_small_grid, nicolae_slime_entry_field_trip,
          cheibrodos_lair_reptile_den, serial_bayou_shore_b
Slime:1:  layout_caves, cheibrodos_slime_lost_civilization_6

Skill      XL: |  1  2  3  4  5  6  7  8  9 10 11 12 |
---------------+-------------------------------------+-----
Unarmed Combat | 3 4 5 |  5.9
Armour         | 2 5 6 |  6.2
Stealth        | 1 3 |  3.1
Fighting       | 4 5 7 9 11 12 | 12.2
Maces & Flails | 4 7 10 11 12 13 | 13.5
Dodging        | 2 |  2.8
Evocations     | |  0.2

Action                     |  1- 3 |  4- 6 |  7- 9 | 10-12 || total
---------------------------+-------+-------+-------+-------++-------
  Melee: Unarmed           |   106 |   214 |     6 |       ||   326
         Punch             |     2 |     2 |    10 |    11 ||    25
         Touch             |       |    32 |    36 |    65 ||   133
         Flail             |       |       |   182 |   283 ||   465
  Throw: Stone             |     3 |    23 |    16 |     5 ||    47
         Javelin           |       |    24 |     6 |    20 ||    50
         Boomerang         |       |       |    60 |       ||    60
         Dart              |       |       |     7 |    44 ||    51
 Invoke: Berserk           |     4 |     4 |     7 |     3 ||    18
         Trog's Hand       |       |     1 |     3 |     6 ||    10
         Brothers in Arms  |       |       |       |     4 ||     4
  Evoke: Wand              |       |       |     4 |     2 ||     6
    Use: Potion            |     2 |     3 |     4 |     7 ||    16
         Scroll            |       |     7 |    11 |     3 ||    21
   Stab: Invisible         |       |       |     1 |     1 ||     2
         Sleeping          |       |       |       |     1 ||     1
 Armour: Animal skin       |     4 |       |       |       ||     4
         Ring mail         |    23 |   103 |       |    73 ||   199
         Chain mail        |       |     5 |     3 |       ||     8
         Plate armour      |       |       |   102 |    60 ||   162
  Dodge: Dodged            |    56 |   181 |    62 |   101 ||   400
